AoeStats
← NDF

Arabia

509488499Analyzed
2v2 RM · 4d ago on Sep 26, 2026· 44m 48s· 4 players
Game mode
Random Map
Map size
Medium (4 player)
Population
200
Speed
Normal
Resources
Standard
Victory
Conquest
Starting age
Dark Age
Ending age
Imperial Age
RankedLock teamsTeams togetherTeam positionsShared explorationLock speedFull tech treeHidden civsTurbo modeCheats
Victory
Defeat
🇦🇷 Teutons · Argentina
699
+15
🇦🇷 Spanish · Argentina
685
+15
🇮🇹 Tatars · Italy
676
-15
🇮🇹 Armenians · Italy
671
-15
Bufalo
3:36 Loom
11:56 Feudal Age
12:28 Double-Bit Axe
12:29 Horse Collar
21:14 Castle Age
20:39 Forging
20:20 Fletching
20:28 Gold Mining
20:45 Stone Mining
22:46 Bow Saw
23:22 Pikeman
25:34 Squires
27:46 Heavy Plow
28:26 Elite Skirmisher
30:58 Wheelbarrow
30:33 Murder Holes
31:09 Town Watch
31:41 Caravan
33:31 Hand Cart
38:34 Imperial Age
37:31 Halberdier
39:29 Iron Casting
38:49 Bodkin Arrow
42:53 Chemistry
Kenpachi
0:27 Loom
10:31 Feudal Age
10:57 Double-Bit Axe
10:54 Horse Collar
11:38 Gold Mining
19:48 Castle Age
18:24 Fletching
18:45 Forging
19:54 Padded Archer Armor
19:56 Elite Skirmisher
20:39 Heavy Plow
20:52 Bow Saw
22:33 Wheelbarrow
22:35 Town Watch
23:16 Squires
23:43 Pikeman
25:25 Bodkin Arrow
27:07 Leather Archer Armor
32:05 Ballistics
34:58 Imperial Age
33:41 Silk Armor
35:58 Bracer
36:28 Ring Archer Armor
36:28 Conscription
37:29 Timurid Siegecraft
37:34 Caravan
41:19 Hand Cart
41:55 Scale Barding Armor
43:01 Crop Rotation
estebanpa
4:45 Loom
11:27 Feudal Age
12:23 Double-Bit Axe
12:22 Horse Collar
17:47 Castle Age
16:33 Gold Mining
17:00 Scale Barding Armor
18:35 Heavy Plow
20:18 Bloodlines
21:47 Chain Barding Armor
25:00 Stone Mining
26:19 Stone Shaft Mining
28:09 Scale Mail Armor
28:20 Forging
32:01 Imperial Age
31:44 Murder Holes
32:39 Ballistics
33:07 Elite Conquistador
36:55 Squires
36:16 Pikeman
38:36 Hoardings
38:03 Inquisition
40:48 Halberdier
NDF
15:19 Feudal Age
13:35 Loom
15:55 Man-at-Arms
20:21 Bloodlines
23:34 Castle Age
22:15 Double-Bit Axe
22:14 Horse Collar
23:16 Gold Mining
26:40 Stone Mining
28:56 Stone Shaft Mining
30:27 Masonry
31:05 Heavy Plow
32:04 Bow Saw
36:31 Imperial Age
36:08 Scale Barding Armor
36:14 Forging
36:05 Scale Mail Armor
35:56 Fletching
37:25 Ballistics
37:40 Cavalier
38:49 Ironclad
38:49 Arson
39:04 Squires
44:38 Sappers
Connection lost

Rejoining the realm…

Still unreachable

The connection could not be restored.

Session expired

The server has moved on; the page needs a fresh start.